 Dungeon Crawl Stone Soup version 0.23.2-1-ga50397a (webtiles) character file.

Game seed: 4308580421688896943

2844 IBeShadow the Grappler (level 9, 0/96 HPs)
             Began as a Troll Monk on May 20, 2019.
             Succumbed to a killer bee's poison
             ... on level 7 of the Dungeon.
             The game lasted 00:10:06 (5588 turns).

IBeShadow the Grappler (Troll Monk)                 Turns: 5588, Time: 00:10:07

Health: 0/96       AC:  7    Str: 22    XL:     9   Next: 46%
Magic:  8/8        EV: 10    Int:  6    God:
Gold:   394        SH:  0    Dex: 14    Spells: 8/8 levels left

rFire    . . .     SeeInvis .     - Unarmed
rCold    . . .     Gourm    +   (no shield)
rNeg     . . .     Faith    .   a - +0 robe
rPois    .         Spirit   .   (helmet restricted)
rElec    .         Reflect  .   g - +0 cloak
rCorr    .         Harm     .   (gloves unavailable)
MR       .....     Clarity  +   (boots unavailable)
Stlth    +++.......             (no amulet)
HPRegen  0.66/turn              k - ring of stealth
MPRegen  0.11/turn              (no ring)

@: lethally poisoned (0 -> -24)
A: large, unfitting armour, claws 3, horns 1, clarity, fast metabolism 3,
gourmand, regeneration 1, shaggy fur 1, tough skin 3
a: no special abilities


You were on level 7 of the Dungeon.
You were full.

You visited 2 branches of the dungeon, and saw 9 of its levels.

You collected 394 gold pieces.

Inventory:

Hand Weapons
 l - a +3 quarterstaff of chaos
Armour
 a - a +0 robe (worn)
 g - a +0 cloak (worn)
Jewellery
 k - a ring of stealth (left claw)
Wands
 f - a wand of flame (9)
 p - a wand of enslavement (16)
 v - a wand of random effects (22)
Scrolls
 d - 4 scrolls of teleportation
 h - 12 scrolls of identify
 m - 2 scrolls of remove curse
 q - a scroll of enchant weapon
 r - a scroll of magic mapping {unknown}
 s - a scroll of fear
 t - 2 scrolls of enchant armour {unknown}
Potions
 e - 4 potions of haste
 i - a potion of agility
Comestibles
 b - 16 rations


   Skills:
 + Level 8.2 Fighting
 - Level 2.4 Dodging
 - Level 1.0 Stealth
 + Level 9.8 Unarmed Combat


You had 8 spell levels left.
You didn't know any spells.
Your spell library contained the following spells:

 Spells                   Type           Power        Failure   Level  Hunger
 Animate Skeleton         Necr           N/A          45%         1    ##.....
 Corona                   Hex            #......      45%         1    ##.....
 Pain                     Necr           #...         45%         1    ##.....
 Ensorcelled Hibernation  Hex/Ice        #.....       58%         2    ###....
 Confuse                  Hex            #.......     83%         3    ####...
 Dazzling Spray           Conj/Hex       #.....       83%         3    ####...
 Regeneration             Chrm/Necr      #.........   83%         3    ####...
 Tukima's Dance           Hex            #.......     83%         3    ####...
 Vampiric Draining        Necr           #.........   83%         3    ####...
 Animate Dead             Necr           N/A          99%         4    #####..


Dungeon Overview and Level Annotations

Branches:
Dungeon (8/15)             Temple (1/1) D:6
   Lair: D:8-11

Altars:
Ashenzari
Cheibriados
Dithmenos
Fedhas
Gozag
Hepliaklqana
Kikubaaqudgha
Makhleb
Nemelex Xobeh
Okawaru
Qazlal
Ru
Sif Muna
Trog
Uskayaw
Vehumet
Wu Jian
Xom
Yredelemnul
Zin
The Shining One

Shops:
D:5 :

Annotations:
D:3 2 transporters, GEC's ghost, amateur DDFi


Innate Abilities, Weirdness & Mutations

You are too large for most types of armour.
You have claws for hands.
Your metabolism is lightning-fast.
You like to eat raw meat.
Your natural rate of healing is unusually fast.
You are covered in fur. (AC +1)
You have extremely tough skin. (AC +3)
You have a pair of small horns on your head.
You possess an exceptional clarity of mind.


Message History

* * * LOW HITPOINT WARNING * * *
The killer bee stings you.
* * * LOW HITPOINT WARNING * * *
The killer bee stings you but does no damage.
There is an open door, spattered with blood here.
Okay, then.
Okay, then.
Okay, then.
* * * LOW HITPOINT WARNING * * *
You feel very sick. The killer bee stings you.
* * * LOW HITPOINT WARNING * * *
Unknown command.
* * * LOW HITPOINT WARNING * * *
You feel very sick.
The killer bee stings you but does no damage.
As you read the scroll labeled QUORIE DUFOX, it crumbles to dust.
You assume a fearsome visage.
The killer bee looks frightened! x3
It was a scroll of fear.
You die...

# # ###### # ##....###
# #.....yy# ###
##########....y#y####.#
...............#@#....#
...............#.#..#.#
..........>....#.#.##.#
.........††...........#
.#.......#.......#.####
.#.......#.......#.#
.#......)#.........#
.........#.......###
.##....#.........#


You could see 3 killer bees.

Vanquished Creatures
  Sigmund (D:3)
  Duvessa (D:4)
  An orc warrior (D:5)
  2 ice beasts (D:6)
  2 sky beasts
  A phantom (D:4)
  A black bear (D:6)
  2 centaurs
  3 ogres
  3 bullfrogs
  Dowan (D:4)
  A scorpion (D:5)
  7 killer bees (D:7)
  A howler monkey (D:4)
  4 crimson imps
  A quasit (D:6)
  A hound (D:7)
  An orc priest (D:6)
  A bullfrog zombie (D:7)
  A centaur skeleton (D:4)
  3 orc wizards
  An iguana (D:6)
  Crazy Yiuf (D:3)
  Natasha (thrice) (D:3)
  5 worker ants
  4 hound skeletons
  A hound zombie (D:6)
  A howler monkey zombie (D:7)
  4 gnolls (D:7)
  6 adders
  A shadow imp (D:6)
  2 oozes (D:5)
  An adder skeleton (D:4)
  A worm (D:3)
  A dart slug (D:1)
  2 leopard geckos
  11 orcs
  A giant cockroach (D:1)
  6 goblins
  8 hobgoblins
  10 jackals
  2 quokkas
  7 bats
  7 frilled lizards
  7 kobolds
  A leopard gecko zombie (D:5)
  A quokka skeleton (D:4)
  5 rats
139 creatures vanquished.

Notes
Turn   | Place    | Note
-------+----------+-------------------------------------------
     0 | D:1      | IBeShadow the Troll Monk began the quest for the Orb.
     0 | D:1      | Reached XP level 1. HP: 22/22 MP: 0/0
   229 | D:1      | Reached XP level 2. HP: 29/29 MP: 1/1
   745 | D:2      | Reached XP level 3. HP: 34/37 MP: 2/2
  1144 | D:3      | Noticed Sigmund
  1150 | D:3      | Killed Sigmund
  1150 | D:3      | Reached skill level 4 in Unarmed Combat
  1150 | D:3      | Reached XP level 4. HP: 30/48 MP: 3/3
  1150 | D:3      | Reached XP level 5. HP: 34/54 MP: 4/4
  1215 | D:3      | Noticed Natasha
  1218 | D:3      | Reached skill level 5 in Unarmed Combat
  1224 | D:3      | Killed Natasha
  1283 | D:3      | Noticed Natasha
  1290 | D:3      | Killed Natasha
  1290 | D:3      | Reached XP level 6. HP: 55/62 MP: 5/5
  1317 | D:3      | Noticed Natasha
  1320 | D:3      | Killed Natasha
  1377 | D:3      | Found a radiant altar of Vehumet.
  1440 | D:3      | Found a transporter.
  1440 | D:3      | Noticed GEC's ghost (amateur DDFi)
  1446 | D:3      | Found a transporter.
  1589 | D:3      | Found a runed translucent door.
  1590 | D:3      | Noticed Crazy Yiuf
  1803 | D:3      | Killed Crazy Yiuf
  2008 | D:4      | Reached skill level 6 in Unarmed Combat
  2011 | D:4      | Reached skill level 5 in Fighting
  2011 | D:4      | Reached XP level 7. HP: 64/72 MP: 6/6
  2322 | D:4      | Found a hazy altar of Hepliaklqana.
  2323 | D:4      | Found a shimmering altar of Xom.
  2323 | D:4      | Noticed a hungry ghost
  2324 | D:4      | Noticed a spectral ugly thing
  2324 | D:4      | Noticed a hungry ghost
  2429 | D:5      | Entered Level 5 of the Dungeon
  2429 | D:5      | Noticed Duvessa
  2429 | D:5      | Noticed Dowan
  2589 | D:4      | Killed Duvessa
  2602 | D:4      | Killed Dowan
  2740 | D:5      | Found an ancient bone altar of Kikubaaqudgha.
  2744 | D:5      | Found an opulent altar of Gozag.
  2747 | D:5      | Found a bloodstained altar of Trog.
  2749 | D:5      | Found a sparkling altar of Nemelex Xobeh.
  2750 | D:5      | Found a glowing golden altar of the Shining One.
  2767 | D:5      | Found Hegel's Book Emporium.
  2876 | D:5      | Reached skill level 7 in Unarmed Combat
  3208 | D:5      | Reached XP level 8. HP: 31/83 MP: 7/7
  3291 | D:5      | Found a sparkling altar of Nemelex Xobeh.
  3331 | D:5      | Found a snail-covered altar of Cheibriados.
  3627 | D:5      | HP: 1/84 [orc warrior/+0 hand axe (17)]
  3656 | D:5      | Reached skill level 8 in Unarmed Combat
  4018 | D:6      | Found a staircase to the Ecumenical Temple.
  4035 | Temple   | Entered the Ecumenical Temple
  4309 | D:6      | Reached XP level 9. HP: 93/93 MP: 8/8
  4331 | D:6      | Found a blossoming altar of Fedhas.
  4442 | D:6      | Reached skill level 9 in Unarmed Combat
  4542 | D:6      | Found a glowing silver altar of Zin.
  4543 | D:6      | Found a deep blue altar of Sif Muna.
  4787 | D:7      | Gained mutation: You have a pair of small horns on your
                  | head. [potion of mutation]
  4787 | D:7      | Gained mutation: You possess an exceptional clarity of
                  | mind. [potion of mutation]
  5587 | D:7      | HP: 3/96 [poisoned by a killer bee]
  5588 | D:7      | Succumbed to a killer bee's poison

Skill      XL: |  1  2  3  4  5  6  7  8  9 |
---------------+----------------------------+-----
Fighting       | 3 4 5 6 7 8 |  8.2
Unarmed Combat | 4 5 6 7 8 9 |  9.8
Dodging        | |  2.4
Stealth        | |  1.0

Action                   |  1- 3 |  4- 6 |  7- 9 || total
-------------------------+-------+-------+-------++-------
Melee: Unarmed           |    61 |   120 |   261 ||   442
       Punch             |       |     3 |     5 ||     8
       Headbutt          |       |       |     5 ||     5
  Use: Scroll            |       |     4 |     2 ||     6
       Potion            |       |       |     8 ||     8
 Stab: Sleeping          |     3 |       |     8 ||    11
  Eat: Chunk             |     6 |    14 |    30 ||    50
       Ration            |     1 |       |       ||     1
Armor: Robe              |    16 |    54 |   119 ||   189
Dodge: Dodged            |    20 |    79 |   157 ||   256
